 Dungeon Crawl Stone Soup version 0.20-a0-940-g1ecfa5a (webtiles) character file.

149 Firecrotchwizard the Cudgeler (level 5, -1/79 HPs)
             Began as a Troll Berserker on Mar 30, 2017.
             Was a Priest of Trog.
             Slain by an orc
             ... wielding a +0 hand axe
              (9 damage)
             ... on level 3 of the Dungeon.
             The game lasted 00:04:20 (1663 turns).

Firecrotchwizard the Cudgeler (Troll Berserker)     Turns: 1663, Time: 00:04:21

Health: -1/79      AC:  5    Str: 30    XL:     5   Next: 9%
Magic:  4/4        EV: 11    Int:  3    God:    Trog [***...]
Gold:   158        SH:  0    Dex: 10    Spells: 4/4 levels left

rFire    . . .     SeeInvis .   a - +0 mace
rCold    . . .     Gourm    +   (no shield)
rNeg     . . .     Faith    .   b - +0 animal skin
rPois    .         Spirit   .   (helmet restricted)
rElec    .         Reflect  .   (no cloak)
rCorr    .         Harm     .   (gloves unavailable)
MR       .....                  (boots unavailable)
Stlth    ..........             (no amulet)
Regen    0.7/turn               (no ring)
MPRegen  0.1/turn               (no ring)

@: berserking, very quick
A: unfitting armour, claws 3, fast metabolism 3, gourmand, regeneration 1,
shaggy fur 1, tough skin 2
a: Berserk, Trog's Hand, Burn Spellbooks, Renounce Religion


You were on level 3 of the Dungeon.
You worshipped Trog.
Trog was most pleased with you.
You were very full.

You visited 1 branch of the dungeon, and saw 3 of its levels.

You collected 158 gold pieces.

Inventory:

Hand Weapons
 a - a +0 mace (weapon)
Missiles
 r - a throwing net (quivered)
Armour
 b - a +0 animal skin (worn)
Jewellery
 k - an uncursed ring of resist corrosion {unknown}
Scrolls
 d - 2 scrolls of fear
 g - 3 scrolls of identify {unknown}
 j - 2 scrolls of recharging {unknown}
 m - 4 scrolls of enchant armour {unknown}
 n - a scroll of immolation {unknown}
 o - 4 scrolls of remove curse {unknown}
 q - 3 scrolls of fog {unknown}
Potions
 e - a potion of berserk rage {unknown}
 f - a potion of lignification {unknown}
 h - a potion of mutation {unknown}
 i - a potion of curing {unknown}
 l - a potion of haste {unknown}
Comestibles
 c - 3 bread rations
 p - 6 chunks of flesh


   Skills:
 + Level 3.3 Fighting
 * Level 3.7 Maces & Flails
 + Level 3.5 Dodging


You had 4 spell levels left.
You didn't know any spells.

Dungeon Overview and Level Annotations

Branches:
Dungeon (3/15)

Altars:
Kikubaaqudgha
Makhleb
Qazlal
Sif Muna
The Shining One


Innate Abilities, Weirdness & Mutations

You are too large for most types of armour.
You have claws for hands.
Your metabolism is lightning-fast.
You like to eat raw meat.
Your natural rate of healing is unusually fast.
You are covered in fur. (AC +1)
You have very tough skin. (AC +2)


Message History

You hit the orc priest.
You kill the orc priest!
Trog accepts your kill.
You have reached level 5!
The orc hits you but does no damage. The goblin hits you but does no damage.
The orc hits you with a hand axe.
* * * LOW HITPOINT WARNING * * *
A red film seems to cover your vision as you go berserk!
You feel yourself moving faster!
You feel mighty! The goblin closely misses you.
You hit the goblin.
You kill the goblin!
Trog accepts your kill. The orc hits you but does no damage.
The orc hits you with a flail.
* * * LOW HITPOINT WARNING * * *
You thump the orc!
You kill the orc!
Trog accepts your kill. The orc hits you with a hand axe!
You die...

#.......#.##.#####
#......)#.........
#.......####)#####
#.......# #......
#.......# #######
#.......#
#######.......########
.......o.............###
....=.)@................
###...o######.....###.##
#.... #........... #....
#####....... #....
#....... ##... #.......
#... #....... #...
########


You could see 2 orcs.

Vanquished Creatures
  An orc priest (D:3)
  A gnoll (D:1)
  5 adders
  An ooze (D:2)
  2 worms (D:3)
  A dart slug (D:2)
  2 leopard geckos (D:2)
  3 orcs (D:3)
  10 bats
  2 giant cockroaches (D:2)
  4 goblins
  5 hobgoblins
  2 frilled lizards
  5 kobolds
  10 rats
54 creatures vanquished.

Notes
Turn   | Place    | Note
-------+----------+-------------------------------------------
     0 | D:1      | Firecrotchwizard the Troll Berserker began the quest for the Orb.
     0 | D:1      | Reached XP level 1. HP: 22/22 MP: 0/0
    97 | D:1      | Reached XP level 2. HP: 22/29 MP: 1/1
   660 | D:1      | Reached XP level 3. HP: 36/36 MP: 2/2
   770 | D:2      | Reached ** piety under Trog
   834 | D:2      | Found an ancient bone altar of Kikubaaqudgha.
   835 | D:2      | Found a burning altar of Makhleb.
   835 | D:2      | Found a glowing golden altar of the Shining One.
   835 | D:2      | Found a stormy altar of Qazlal.
   839 | D:2      | Found a deep blue altar of Sif Muna.
  1005 | D:2      | Reached XP level 4. HP: 43/45 MP: 3/3
  1660 | D:3      | Reached XP level 5. HP: 11/53 MP: 4/4
  1662 | D:3      | Reached *** piety under Trog
  1663 | D:3      | Slain by an orc

Vault maps used:
D:1:      evilmike_arrival_rings, hangedman_decor_points,
          hangedman_decor_growths
D:2:      minitemple, first_bread
D:3:      fedhas_altar_4

Skill      XL: |  1  2  3 |
---------------+----------+-----
Maces & Flails | 3 |  3.7
Dodging        | 3 |  3.5
Fighting       | 3 |  3.3

Action                   |  1- 3 |  4- 6 || total
-------------------------+-------+-------++-------
Melee: Mace              |   102 |    63 ||   165
Invok: Berserk           |       |     2 ||     2
  Use: Scroll            |       |     1 ||     1
  Eat: Chunk             |    15 |     7 ||    22
Armor: Animal skin       |    49 |    19 ||    68
Dodge: Dodged            |    57 |    36 ||    93
